 Dungeon Crawl Stone Soup version 0.29.1-13-g9f3cf754e1 (webtiles) character file.

Game seed: 12227179340894845756

163 croobank the Cutter (level 5, -4/41 HPs)
             Began as a Gnoll Wanderer on Jan 21, 2023.
             Slain by a bullfrog (8 damage)
             ... in a sewer.
             The game lasted 00:10:18 (3168 turns).

croobank the Cutter (Gnoll Wanderer)                Turns: 3168, Time: 00:10:18

Health: -4/41      AC:  4    Str: 10    XL:     5   Next: 44%
Magic:  9/9        EV: 12    Int: 11    God:
Gold:   144        SH: 10    Dex: 15    Spells: 9/10 levels left

rFire   . . .      SeeInvis .   a - +3 short sword
rCold   . . .      Faith    .   b - +0 buckler
rNeg    . . .      Spirit   .   d - +0 robe
rPois   .          Reflect  +   k - +1 helmet
rElec   .          Harm     .   (no cloak)
rCorr   +          Rampage  .   (no gloves)
Will    .....                   (no boots)
Stlth   ++........              f - amulet of reflection
HPRegen 0.13/turn               e - ring of wizardry
MPRegen 0.11/turn               n - ring of resist corrosion

@: about to teleport
A: fangs 1, strong nose, distributed training
a: no special abilities


You were in a sewer.
You visited 1 branch of the dungeon, and saw 3 of its levels.
You also visited: Sewer.

You collected 144 gold pieces.

Inventory:

Hand Weapons
 a - a +3 short sword (weapon)
Missiles
 g - 2 poisoned darts (quivered)
Armour
 b - a +0 buckler (worn)
 d - a +0 robe (worn)
 k - a +1 helmet (worn)
Jewellery
 e - a ring of wizardry (left hand)
 f - an amulet of reflection (around neck)
 n - a ring of resist corrosion (right hand)
Scrolls
 c - a scroll of teleportation
Potions
 h - a potion of heal wounds {unknown}
 j - a potion of brilliance {unknown}
 l - a potion of flight {unknown}
 m - a potion of invisibility {unknown}
 p - a potion of lignification {unknown}


   Skills:
 + Level 3.0 Fighting
 + Level 6.7 Short Blades
 + Level 1.5 Long Blades
 + Level 1.5 Axes
 + Level 1.5 Maces & Flails
 + Level 1.5 Polearms
 + Level 1.5 Staves
 + Level 1.5 Ranged Weapons
 + Level 1.5 Throwing
 + Level 3.0 Armour
 + Level 3.0 Dodging
 + Level 1.5 Stealth
 + Level 4.8 Shields
 + Level 1.5 Unarmed Combat
 + Level 3.2 Spellcasting
 + Level 1.2 Conjurations
 + Level 1.2 Hexes
 + Level 1.2 Summonings
 + Level 1.2 Necromancy
 + Level 1.2 Translocations
 + Level 1.2 Transmutations
 + Level 1.2 Fire Magic
 + Level 1.2 Ice Magic
 + Level 1.2 Air Magic
 + Level 1.2 Earth Magic
 + Level 2.4 Poison Magic
 + Level 1.7 Invocations
 + Level 1.5 Evocations


You had 9 spell levels left.
You knew the following spells:

 Your Spells              Type           Power      Damage    Failure   Level
a - Sting                 Tmut/Pois      20%        1d4       6%          1

Your spell library contained the following spells:

 Spells                   Type           Power      Damage    Failure   Level
 Magic Dart               Conj           16%        1d3       9%          1
 Call Imp                 Summ           4%         N/A       12%         2
 Mephitic Cloud           Conj/Pois/Air  5%         N/A       21%         3


Dungeon Overview and Level Annotations

Branches:
Dungeon (3/15)              Sewer (1/1)

Altars:
Nemelex Xobeh
Zin

Shops:
D:1 [


Innate Abilities, Weirdness & Mutations

You have very sharp teeth.
Your uncanny sense of smell can sniff out nearby items.
Your experience applies equally to all skills.


Message History

You hit the ball python.
The ball python is moderately wounded.
You block the quokka's attack. The bullfrog hits you!
You block the bullfrog's attack. The ball python barely misses you.
The ball python bites you but does no damage.
The ball python constricts you.
As you read the scroll labelled HUCKYAN ENECLYDD, it crumbles to dust.
The creatures around you are filled with an inner flame!
It was a scroll of immolation.
The bullfrog hits you. You block the quokka's attack. The bullfrog hits you.
The ball python bites you but does no damage.
The ball python closely misses you. The ball python constricts you.
The bullfrog barely misses you. You block the quokka's attack.
The bullfrog hits you.
You escape the ball python's grasp.
The quokka attacks as you move away! The quokka bites you.
* * * LOW HITPOINT WARNING * * *
The ball python bites you.
* * * LOW HITPOINT WARNING * * *
The ball python misses you. You block the ball python's attack. x2
Okay, then.
As you read the scroll of teleportation, it crumbles to dust.
You feel strangely unstable. You block the bullfrog's attack.
You block the ball python's attack. The ball python misses you.
The bullfrog closely misses you. The ball python closely misses you. x2
The ball python barely misses you. You block the ball python's attack.
The bullfrog misses you. The bullfrog attacks as you move away!
The bullfrog hits you.
* * * LOW HITPOINT WARNING * * *
The bullfrog attacks as you move away! The bullfrog hits you.
* * * LOW HITPOINT WARNING * * *
You enter the shallow water.
Moving in this stuff is going to be slow.
You block the bullfrog's attack. The bullfrog attacks as you move away!
The bullfrog closely misses you.
The ball python attacks as you move away!
The ball python closely misses you. The ball python completely misses you.
You block the bullfrog's attack. The bullfrog barely misses you.
The bullfrog hits you!
You die...

~~###~~†.~~~~~~~~~###.~.~##
†##.~~~~#######~~~~~##~~~~#
##..†~###≈≈≈≈≈###~.~~##...##
#~~~~##≈≈≈≈~~~≈≈##~~~~#~~~.#
#~~†##≈≈≈~....~~≈##~~~##~~.##
.~~~# ≈~~~.!$$.~~≈#.~~~#.~~.#
~~~.# ~~~~~.}??.~~#~.~~#~~.∩#
~~~~# ≈~~~~~~$~FFS#~~~~#~†..#
#~~.##≈≈~~~~~..r@S#~~~##~~~##
#.~~~##≈≈~~~~~~.~.#~~~#~~~~#
##.~~~###≈≈~.~#~~##~~##.~~##
~##~~~..#######~~#~.##~~~~#
~~###~...~~~~..~##~.#~~~~##
~~~~####~~~~.~..#.~~~~~~##
~~.~~~~#~∩~#######..~####
###.~~~#####~~~~~#~~##
~~####.~~~~~~~†.~####


You could see 2 bullfrogs, a quokka (inner flame) and 2 ball pythons.

Vanquished Creatures
  An orc wizard (D:3)
  A gnoll (D:1)
  3 adders
  A worm (D:3)
  3 orcs (D:3)
  9 ball pythons
  11 endoplasms
  18 giant cockroaches
  3 hobgoblins
  3 jackals (D:1)
  7 quokkas
  4 bats
  13 frilled lizards
  3 goblins
  6 kobolds
  4 rats
90 creatures vanquished.

Notes
Turn   | Place    | Note
-------+----------+-------------------------------------------
     0 | D:1      | croobank the Gnoll Wanderer began the quest for the Orb.
     0 | D:1      | croobank set off with the following items: a +2 short
                  | sword, a +0 buckler, a scroll of teleportation, a +0 robe;
                  | and the following spell memorised: Sting; and the following
                  | spells available to memorise: Mephitic Cloud.
     0 | D:1      | Reached XP level 1. HP: 17/17 MP: 4/4
     6 | D:1      | Found Uwnic's Armour Emporium.
   198 | D:1      | Reached XP level 2. HP: 13/23 MP: 5/5
   836 | D:1      | Reached XP level 3. HP: 22/28 MP: 7/7
  1102 | D:1      | Found a faded altar of an unknown god.
  1353 | D:2      | Reached skill level 1 in Invocations
  1374 | D:2      | Reached skill level 1 in Long Blades
  1374 | D:2      | Reached skill level 1 in Axes
  1374 | D:2      | Reached skill level 1 in Maces & Flails
  1374 | D:2      | Reached skill level 1 in Polearms
  1374 | D:2      | Reached skill level 1 in Staves
  1374 | D:2      | Reached skill level 1 in Ranged Weapons
  1374 | D:2      | Reached skill level 1 in Throwing
  1374 | D:2      | Reached skill level 1 in Stealth
  1374 | D:2      | Reached skill level 1 in Unarmed Combat
  1374 | D:2      | Reached skill level 1 in Evocations
  1499 | D:1      | Reached XP level 4. HP: 7/34 MP: 8/8
  2068 | D:3      | Reached skill level 1 in Conjurations
  2068 | D:3      | Reached skill level 1 in Hexes
  2068 | D:3      | Reached skill level 1 in Summonings
  2068 | D:3      | Reached skill level 1 in Necromancy
  2068 | D:3      | Reached skill level 1 in Translocations
  2068 | D:3      | Reached skill level 1 in Transmutations
  2068 | D:3      | Reached skill level 1 in Fire Magic
  2068 | D:3      | Reached skill level 1 in Ice Magic
  2068 | D:3      | Reached skill level 1 in Air Magic
  2068 | D:3      | Reached skill level 1 in Earth Magic
  2414 | D:3      | Found a glowing silver altar of Zin.
  2417 | D:3      | Found a sparkling altar of Nemelex Xobeh.
  2456 | D:3      | Found a glowing drain.
  2466 | Sewer    | Entered a sewer
  2473 | Sewer    | Reached XP level 5. HP: 39/40 MP: 9/9
  3168 | Sewer    | Slain by a bullfrog

Illustrated notes

Levels and vault maps discovered:
D:1:      ebering_trefoil_3fold, layout_loops_ring,
          chequers_ecumenical_altar_simple, serial_shops, shop,
          minmay_pentomino_z4
D:2:      layout_rooms
D:3:      layout_loops_corners, minitemple, cheibrodos_sewer_entry_drain,
          minmay_liquid_box, uniq_crazy_yiuf_cottage
Sewer:    sewer_frog_island_02

Skill      XL: |  1  2  3  4  5 |
---------------+----------------+-----
Poison Magic   | 2 |  2.4
Invocations    | 1 |  1.7
Long Blades    | 1 |  1.5
Axes           | 1 |  1.5
Maces & Flails | 1 |  1.5
Polearms       | 1 |  1.5
Staves         | 1 |  1.5
Ranged Weapons | 1 |  1.5
Throwing       | 1 |  1.5
Stealth        | 1 |  1.5
Unarmed Combat | 1 |  1.5
Evocations     | 1 |  1.5
Spellcasting   | 3 |  3.2
Conjurations   | 1 |  1.2
Hexes          | 1 |  1.2
Summonings     | 1 |  1.2
Necromancy     | 1 |  1.2
Translocations | 1 |  1.2
Transmutations | 1 |  1.2
Fire Magic     | 1 |  1.2
Ice Magic      | 1 |  1.2
Air Magic      | 1 |  1.2
Earth Magic    | 1 |  1.2
Fighting       | 3 |  3.0
Armour         | 3 |  3.0
Dodging        | 3 |  3.0
Short Blades   | |  6.7
Shields        | |  4.8

Action                   |  1- 3 |  4- 6 || total
-------------------------+-------+-------++-------
Melee: Short sword       |   121 |   185 ||   306
       Bite              |     8 |    16 ||    24
  Use: Scroll            |       |     4 ||     4
       Potion            |       |     1 ||     1
 Stab: Sleeping          |     6 |     2 ||     8
Armor: Robe              |    16 |    30 ||    46
Dodge: Dodged            |    41 |    98 ||   139
Block: Buckler           |    43 |   103 ||   146
       Reflection        |     3 |       ||     3
